[Event "DVM U10 2019"]
[Site "Magedburg"]
[Date "2019.12.29"]
[Round "6"]
[White "Ebers, Frederik"]
[Black "Meise, Vincent"]
[Result "1/2-1/2"]
[ECO "D02"]
[WhiteElo "1125"]
[BlackElo "895"]
[Annotator "NA"]
[PlyCount "48"]
[EventDate "2019.12.27"]
[EventType "team-tourn"]
[EventRounds "7"]
[EventCountry "GER"]
[SourceTitle "playchess.com"]
[Source "ChessBase"]
[SourceQuality "1"]
[TimeControl "3300+5"]

1. d4 d5 2. Nf3 Nf6 3. Bf4 Bf5 4. e3 a6 5. Bd3 Bg6 6. O-O e6 7. c3 Bd6 8. Bg5 Be7 9. Qc2 Nc6 10. Nbd2 h6 11. Bxf6 Bxf6 12. Bxg6 fxg6 13. Qxg6+ Kd7 14. Qc2 Qe7 15. e4 dxe4 16. Nxe4 Rad8 17. Nxf6+ Qxf6 18. Rad1 Kc8 19. Rfe1 Rhe8 20. d5 exd5 21. Rxe8 Rxe8 22. Rxd5 Qh4 23. Rd1 Qe7 24. h3 Ne5 {[%emt 0:00:33] normal} 1/2-1/2

[Event "DVM U10 2019"]
[Site "Magedburg"]
[Date "2019.12.29"]
[Round "6"]
[White "Schmidt, Anton"]
[Black "Heutling, Sarah"]
[Result "1-0"]
[ECO "A48"]
[WhiteElo "1090"]
[BlackElo "1129"]
[Annotator "NA"]
[PlyCount "32"]
[EventDate "2019.12.27"]
[EventType "team-tourn"]
[EventRounds "7"]
[EventCountry "GER"]
[SourceTitle "playchess.com"]
[Source "ChessBase"]
[SourceQuality "1"]
[TimeControl "3300+5"]

1. d4 Nf6 2. Bf4 g6 3. Nf3 Bg7 4. e3 O-O 5. Be2 d6 6. O-O c5 7. c3 Nbd7 8. Nbd2 Re8 9. Nc4 b6 10. Bg3 Bb7 11. Re1 b5 12. Ncd2 a6 13. a4 bxa4 14. Rxa4 Nb6 15. Ra3 Qd7 16. Nb3 c4 {[%emt 0:05:00] normal} 1-0

[Event "DVM U10 2019"]
[Site "Magedburg"]
[Date "2019.12.29"]
[Round "7"]
[White "Haubold, Sebastian Marcel"]
[Black "Sauer, Tim"]
[Result "1-0"]
[ECO "B14"]
[WhiteElo "1613"]
[BlackElo "1691"]
[Annotator "NA"]
[PlyCount "135"]
[EventDate "2019.12.27"]
[EventType "team-tourn"]
[EventRounds "7"]
[EventCountry "GER"]
[SourceTitle "playchess.com"]
[Source "ChessBase"]
[SourceQuality "1"]
[TimeControl "3300+5"]

1. e4 c6 2. d4 d5 3. exd5 cxd5 4. c4 Nf6 5. Nc3 g6 6. Bg5 Bg7 7. h3 Nc6 8. Nf3 Ne4 9. Be3 Nf6 10. c5 O-O 11. Bb5 Qc7 12. a3 a6 13. Ba4 b5 14. Bc2 Bb7 15. O-O Rad8 16. Qd2 Rfe8 17. Bf4 Qc8 18. Rfe1 Qd7 19. Rad1 Kh8 20. Re2 Nh5 21. Bh2 Nf6 22. b4 Ng8 23. Bb3 e6 24. Rde1 Nh6 25. Bc2 Ng8 26. Bd6 Bf8 27. Bf4 Bg7 28. Nd1 Nf6 29. Nb2 Nh5 30. Bh2 Nf6 31. a4 Ra8 32. Qc3 Rec8 33. Bd3 Na7 34. Ne5 Qe8 35. Bc2 Kg8 36. f3 Bh8 37. g4 Kf8 38. Qd2 Bg7 39. Bf4 Kg8 40. Bh6 Bh8 41. a5 Nc6 42. Nxc6 Bxc6 43. Nd3 Qe7 44. Qe3 Re8 45. Ne5 Rac8 46. Kg2 Rc7 47. Kg3 Rcc8 48. h4 Bb7 49. h5 Bc6 50. hxg6 hxg6 51. Rh1 Nd7 52. Nxc6 Rxc6 53. Reh2 Qf6 54. g5 Qd8 55. Bf8 Kxf8 56. Rxh8+ Ke7 57. R8h7 Rf8 58. Bxg6 Qc7+ 59. f4 Ke8 60. Bd3 Kd8 61. Qf3 Kc8 62. Qh5 f6 63. g6 e5 64. g7 exf4+ 65. Kf3 Re6 66. gxf8=Q+ Nxf8 67. Rxc7+ Kxc7 68. Qf7+ {[%emt 0:00:02] normal} 1-0

[Event "DVM U10 2019"]
[Site "Magedburg"]
[Date "2019.12.29"]
[Round "7"]
[White "Torosyan, Bagrat"]
[Black "Bartels, Jona Henrik"]
[Result "1-0"]
[ECO "C42"]
[WhiteElo "1613"]
[BlackElo "1211"]
[Annotator "NA"]
[PlyCount "87"]
[EventDate "2019.12.27"]
[EventType "team-tourn"]
[EventRounds "7"]
[EventCountry "GER"]
[SourceTitle "playchess.com"]
[Source "ChessBase"]
[SourceQuality "1"]
[TimeControl "3300+5"]

1. e4 e5 2. Nf3 Nf6 3. Nxe5 d6 4. Nf3 Nxe4 5. c4 Be7 6. Nc3 Nxc3 7. bxc3 O-O 8. Be2 Bf5 9. d4 c6 10. O-O Re8 11. Bd3 Qd7 12. Qc2 Bxd3 13. Qxd3 Na6 14. Rb1 b6 15. c5 Nc7 16. cxb6 axb6 17. Rxb6 Rxa2 18. Qc4 Raa8 19. Qxc6 Qxc6 20. Rxc6 Nd5 21. Bd2 Rac8 22. Rxc8 Rxc8 23. Rc1 Bd8 24. c4 Nb6 25. c5 dxc5 26. dxc5 Na4 27. c6 Be7 28. c7 Nb6 29. Ba5 Nd5 30. Rd1 Nxc7 31. Rd7 Ne6 32. Rxe7 h6 33. g3 Rc5 34. Bb6 Rc6 35. Be3 Rc8 36. Ne5 Rf8 37. f4 f6 38. Rxe6 fxe5 39. Rxe5 Kh7 40. Bc5 Rc8 41. Kf2 Rd8 42. Ke2 Ra8 43. Rd5 Re8+ 44. Be3 {[%emt 0:00:06] normal} 1-0

[Event "DVM U10 2019"]
[Site "Magedburg"]
[Date "2019.12.29"]
[Round "7"]
[White "Goldmann, David"]
[Black "Schlange, Jonathan"]
[Result "1-0"]
[ECO "C01"]
[WhiteElo "1594"]
[BlackElo "1319"]
[Annotator "NA"]
[PlyCount "141"]
[EventDate "2019.12.27"]
[EventType "team-tourn"]
[EventRounds "7"]
[EventCountry "GER"]
[SourceTitle "playchess.com"]
[Source "ChessBase"]
[SourceQuality "1"]
[TimeControl "3300+5"]

1. e4 e6 2. d4 d5 3. exd5 exd5 4. c4 Nf6 5. Nc3 c5 6. Bg5 Be7 7. dxc5 dxc4 8. Qxd8+ Kxd8 9. Bxc4 Be6 10. Bxe6 fxe6 11. O-O-O+ Ke8 12. Bxf6 Bxf6 13. Nb5 Na6 14. Nd6+ Ke7 15. Ne4 Nxc5 16. Nxc5 Rac8 17. Rd7+ Ke8 18. Rxb7 Rxc5+ 19. Kb1 g6 20. Nf3 a5 21. Re1 e5 22. Rb3 Kd7 23. Nd2 Bg7 24. f4 Bh6 25. Ne4 Rc4 26. Nf6+ Ke6 27. fxe5 Rhc8 28. Rb6+ Kf7 29. a3 Rc1+ 30. Rxc1 Rxc1+ 31. Ka2 Rc2 32. Rb7+ Ke6 33. Ng4 Bf4 34. Rxh7 Rxg2 35. h3 Bc1 36. Rb7 Bf4 37. Rb6+ Kf5 38. Rf6+ Kg5 39. e6 Bc1 40. h4+ Kxh4 41. Nf2 Bg5 42. e7 Bxf6 43. e8=Q Rxf2 44. Qe1 Bd4 45. Qe4+ Kh5 46. Qxd4 Rf5 47. b4 axb4 48. axb4 g5 49. Qd7 Rf4 50. Qh3+ Rh4 51. Qf3+ Kg6 52. b5 g4 53. Qf4 Kh5 54. Qf5+ Kh6 55. b6 Rh5 56. Qxg4 Ra5+ 57. Kb3 Rb5+ 58. Qb4 Rxb6 59. Qxb6+ Kg5 60. Qf2 Kg4 61. Kc4 Kg5 62. Qf3 Kg6 63. Qf4 Kg7 64. Qf5 Kg8 65. Qf6 Kh7 66. Qg5 Kh8 67. Qg4 Kh7 68. Kd5 Kh6 69. Ke6 Kh7 70. Kf7 Kh6 71. Qh4# {[%emt 0:00:13] normal} 1-0

[Event "DVM U10 2019"]
[Site "Magedburg"]
[Date "2019.12.29"]
[Round "7"]
[White "Ruddat, Jarne"]
[Black "Schott, Moritz"]
[Result "1-0"]
[ECO "C44"]
[WhiteElo "1458"]
[BlackElo "1090"]
[Annotator "NA"]
[PlyCount "49"]
[EventDate "2019.12.27"]
[EventType "team-tourn"]
[EventRounds "7"]
[EventCountry "GER"]
[SourceTitle "playchess.com"]
[Source "ChessBase"]
[SourceQuality "1"]
[TimeControl "3300+5"]

1. e4 e5 2. Nf3 Nc6 3. d4 exd4 4. Nxd4 Nf6 5. Nc3 Bb4 6. Nxc6 bxc6 7. Bd3 d5 8. exd5 cxd5 9. O-O O-O 10. Bg5 h6 11. Bxf6 Qxf6 12. Nxd5 Qxb2 13. Rb1 Qd4 14. Bh7+ Kxh7 15. Qxd4 c5 16. Qe4+ Kh8 17. Nxb4 cxb4 18. Qxa8 Kg8 19. Qxa7 Be6 20. Rxb4 Bc8 21. Rb8 Be6 22. Rxf8+ Kxf8 23. Qb8+ Ke7 24. Qc7+ Kf8 25. Qd8# {[%emt 0:00:06] normal} 1-0

[Event "DVM U10 2019"]
[Site "Magedburg"]
[Date "2019.12.29"]
[Round "7"]
[White "Fietz, Nils"]
[Black "Ermitsch, Magnus"]
[Result "1/2-1/2"]
[ECO "B48"]
[WhiteElo "1437"]
[BlackElo "1887"]
[Annotator "NA"]
[PlyCount "61"]
[EventDate "2019.12.27"]
[EventType "team-tourn"]
[EventRounds "7"]
[EventCountry "GER"]
[SourceTitle "playchess.com"]
[Source "ChessBase"]
[SourceQuality "1"]
[TimeControl "3300+5"]

1. e4 c5 2. Nf3 e6 3. d4 cxd4 4. Nxd4 Nc6 5. Nc3 Qc7 6. Be3 Nf6 7. Be2 Be7 8. O-O O-O 9. Ndb5 Qb8 10. Qd2 a6 11. Nd4 b5 12. Nxc6 dxc6 13. Rad1 Bb7 14. f4 c5 15. e5 Nd5 16. Nxd5 Bxd5 17. Bf3 Rd8 18. Qf2 Bxf3 19. Qxf3 Qc7 20. Rxd8+ Rxd8 21. Rd1 h6 22. Rxd8+ Qxd8 23. Qe2 c4 24. Qd2 Qxd2 25. Bxd2 h5 26. Kf2 Kf8 27. a3 Ke8 28. Bb4 Bd8 29. Bc5 Kd7 30. Ke3 Kc6 {[%emt 0:00:43] normal} 31. Kd4 {[%emt 0:00:56] normal} 1/2-1/2

[Event "DVM U10 2019"]
[Site "Magedburg"]
[Date "2019.12.29"]
[Round "7"]
[White "Conrad, Marius"]
[Black "Lu, Yunong Elias"]
[Result "0-1"]
[ECO "C54"]
[WhiteElo "1411"]
[BlackElo "1397"]
[Annotator "NA"]
[PlyCount "124"]
[EventDate "2019.12.27"]
[EventType "team-tourn"]
[EventRounds "7"]
[EventCountry "GER"]
[SourceTitle "playchess.com"]
[Source "ChessBase"]
[SourceQuality "1"]
[TimeControl "3300+5"]

1. e4 e5 2. Nf3 Nc6 3. Bc4 Bc5 4. c3 Nf6 5. d3 d6 6. a4 a6 7. Na3 O-O 8. O-O Be6 9. Ba2 h6 10. Nc2 Qd7 11. Be3 Ba7 12. Qd2 Ng4 13. Rfe1 Nxe3 14. Nxe3 Ne7 15. d4 Ng6 16. Red1 Bxa2 17. Rxa2 Qe6 18. Raa1 exd4 19. cxd4 Qxe4 20. Rac1 Rac8 21. Rc4 Qe6 22. Qb4 b6 23. Rdc1 c5 24. Qa3 cxd4 25. Rxc8 Rxc8 26. Rxc8+ Qxc8 27. Nxd4 Qc5 28. Qxc5 bxc5 29. Ndf5 Bb8 30. Nc4 d5 31. Nce3 d4 32. Nc4 Kf8 33. Kf1 Ne7 34. Ng3 Bxg3 35. fxg3 Nd5 36. Ke2 Ke7 37. Kd3 Ke6 38. Ke4 f5+ 39. Kd3 f4 40. gxf4 Nxf4+ 41. Ke4 Nxg2 42. Na5 Kd6 43. Kd3 Kd5 44. b3 Ne1+ 45. Ke2 Nc2 46. Kd2 Ne3 47. Kd3 g5 48. Ke2 g4 49. Kf2 h5 50. Ke2 h4 51. Kf2 g3+ 52. hxg3 hxg3+ 53. Kxg3 d3 54. Nc4 Nxc4 55. Kf2 Nb2 56. Ke3 a5 57. Kd2 Kd4 58. Kc1 Nd1 59. Kxd1 Kc3 60. Kc1 d2+ 61. Kd1 Kd3 62. b4 c4 {normal} 0-1

[Event "DVM U10 2019"]
[Site "Magedburg"]
[Date "2019.12.29"]
[Round "7"]
[White "Wartenberg, Alissa"]
[Black "Nönnig, Jakob"]
[Result "1-0"]
[ECO "C47"]
[WhiteElo "1361"]
[BlackElo "1153"]
[Annotator "NA"]
[PlyCount "139"]
[EventDate "2019.12.27"]
[EventType "team-tourn"]
[EventRounds "7"]
[EventCountry "GER"]
[SourceTitle "playchess.com"]
[Source "ChessBase"]
[SourceQuality "1"]
[TimeControl "3300+5"]

1. e4 e5 2. Nf3 Nc6 3. Nc3 Nf6 4. d4 exd4 5. Nxd4 Qe7 6. Nxc6 dxc6 7. Bg5 Bf5 8. Bxf6 gxf6 9. Qf3 Bd7 10. O-O-O O-O-O 11. Qe3 b6 12. Ba6+ Kb8 13. Bd3 Be6 14. f4 Bh6 15. Qf2 Bg4 16. Rdf1 Rhg8 17. Qh4 Qf8 18. Qxf6 Bd7 19. Rhg1 Rg6 20. Qh4 f6 21. h3 Re8 22. Kb1 Rg8 23. e5 f5 24. Bc4 Be6 25. Bxe6 Rxe6 26. Qf2 Qf7 27. Qe2 Bf8 28. Rd1 Bh6 29. Qf3 Qe7 30. Rd3 Rd8 31. Rxd8+ Qxd8 32. Rd1 Qh4 33. g3 Qxh3 34. Rh1 Qg4 35. Qxg4 fxg4 36. a3 Bf8 37. Rxh7 Re8 38. Rh8 Kc8 39. Ne4 c5 40. Rg8 a5 41. Nf6 Rd8 42. Nxg4 Be7 43. Rxd8+ Kxd8 44. Nf6 Bf8 45. g4 Bg7 46. g5 Ke7 47. Nh5 Bf8 48. g6 Ke6 49. g7 Bxg7 50. Nxg7+ Kf7 51. Nf5 Kg6 52. Ne3 c6 53. f5+ Kf7 54. e6+ Ke7 55. Ng4 Kf8 56. f6 b5 57. e7+ Ke8 58. Ne5 c4 59. Nxc6 a4 60. Nd4 b4 61. Nf5 bxa3 62. Nd6+ Kd7 63. e8=Q+ Kxd6 64. f7 axb2 65. f8=Q+ Kd5 66. Qfe7 a3 67. Q8d8+ Kc6 68. Qec7+ Kb5 69. Qdb8+ Ka4 70. Qca7# {[%emt 0:00:08] normal} 1-0

[Event "DVM U10 2019"]
[Site "Magedburg"]
[Date "2019.12.29"]
[Round "7"]
[White "Gärtner, Alessandro"]
[Black "Haubold, Christian Lucas"]
[Result "1/2-1/2"]
[ECO "E61"]
[WhiteElo "1251"]
[BlackElo "1471"]
[Annotator "NA"]
[PlyCount "123"]
[EventDate "2019.12.27"]
[EventType "team-tourn"]
[EventRounds "7"]
[EventCountry "GER"]
[SourceTitle "playchess.com"]
[Source "ChessBase"]
[SourceQuality "1"]
[TimeControl "3300+5"]

1. d4 Nf6 2. c4 g6 3. Nc3 Bg7 4. Bf4 O-O 5. e3 d6 6. h3 Nc6 7. Nf3 Nd7 8. Bh2 e5 9. d5 Ne7 10. e4 f5 11. Bd3 Nf6 12. Qc2 fxe4 13. Nxe4 Bf5 14. O-O-O a5 15. g4 Nxg4 16. hxg4 Bxg4 17. Neg5 Bxf3 18. Ne6 Bxd1 19. Qxd1 Qc8 20. Nxf8 Qxf8 21. Bg3 Bh6+ 22. Kb1 Qg7 23. Qg4 Rd8 24. Qe6+ Kf8 25. Bh4 Re8 26. Bf6 Qf7 27. Qxf7+ Kxf7 28. Bxe7 Rxe7 29. Rxh6 Kg7 30. Rh3 Rf7 31. f3 Rf4 32. Kc2 h6 33. Rg3 g5 34. Be4 Rh4 35. a3 Rh2+ 36. Kc3 Rf2 37. b4 axb4+ 38. axb4 Ra2 39. Kb3 Ra1 40. c5 Rc1 41. cxd6 cxd6 42. Rg2 Kf6 43. Rh2 Kg7 44. Rc2 Rxc2 45. Kxc2 Kf6 46. Kd2 h5 47. Ke2 Ke7 48. Kf2 Kd7 49. Kg3 Kc7 50. Bg6 h4+ 51. Kg4 Kb6 52. Bd3 Ka7 53. Bf5 Kb6 54. Kxg5 Kb5 55. Kxh4 Kxb4 56. Kg5 Kc5 57. Be4 b5 58. Kf5 b4 59. f4 exf4 60. Kxf4 b3 61. Kf5 Kd4 62. Kf4 {[%emt 0:00:53] normal Ke5+} 1/2-1/2

[Event "DVM U10 2019"]
[Site "Magedburg"]
[Date "2019.12.29"]
[Round "7"]
[White "Wendrich, Finn"]
[Black "Zobel, Christian"]
[Result "0-1"]
[ECO "C47"]
[WhiteElo "1173"]
[BlackElo "1450"]
[Annotator "NA"]
[PlyCount "70"]
[EventDate "2019.12.27"]
[EventType "team-tourn"]
[EventRounds "7"]
[EventCountry "GER"]
[SourceTitle "playchess.com"]
[Source "ChessBase"]
[SourceQuality "1"]
[TimeControl "3300+5"]

1. e4 e5 2. Nf3 Nf6 3. Nc3 Nc6 4. d4 exd4 5. Nxd4 Bb4 6. Nxc6 bxc6 7. Bd3 d5 8. exd5 cxd5 9. O-O O-O 10. h3 Re8 11. Qf3 h6 12. Bd2 Be6 13. Rad1 c6 14. Ne2 Bxd2 15. Rxd2 Qa5 16. Nc3 d4 17. Qxc6 dxc3 18. bxc3 Rac8 19. Qf3 Qxc3 20. Rfd1 Qa5 21. Qe2 Bg4 22. Qf1 Bxd1 23. Qxd1 Rcd8 24. Qc1 Ne4 25. Re2 Nc3 26. Rxe8+ Rxe8 27. Kh1 Nxa2 28. Qa1 Re1+ 29. Qxe1 Qxe1+ 30. Kh2 Qxf2 31. Be4 Nc3 32. Bf3 Qxc2 33. Kg3 a5 34. Kg4 Qg6+ 35. Kf4 Qg5# {[%emt 0:00:18] normal} 0-1

[Event "DVM U10 2019"]
[Site "Magedburg"]
[Date "2019.12.29"]
[Round "7"]
[White "Goldschmidt, Jakob"]
[Black "Bangiev, Katharina"]
[Result "0-1"]
[ECO "A41"]
[WhiteElo "1132"]
[BlackElo "1239"]
[Annotator "NA"]
[PlyCount "50"]
[EventDate "2019.12.27"]
[EventType "team-tourn"]
[EventRounds "7"]
[EventCountry "GER"]
[SourceTitle "playchess.com"]
[Source "ChessBase"]
[SourceQuality "1"]
[TimeControl "3300+5"]

1. d4 d6 2. Nf3 g6 3. Bf4 Bg7 4. e3 Nf6 5. Bd3 O-O 6. O-O Nc6 7. c3 Bg4 8. h3 Bxf3 9. Qxf3 e5 10. Bg3 Re8 11. Qd1 e4 12. Bc2 d5 13. Nd2 Nh5 14. Bh2 f5 15. Ba4 Rf8 16. c4 dxc4 17. Nxc4 f4 18. Qd2 f3 19. gxf3 exf3 20. Bb3 Qg5+ 21. Bg3 Nxg3 22. fxg3 Qxg3+ 23. Kh1 f2 24. Nb6+ Kh8 25. Nxa8 Qxh3# {[%emt 0:00:10] normal} 0-1

[Event "DVM U10 2019"]
[Site "Magedburg"]
[Date "2019.12.29"]
[Round "7"]
[White "Schmidt, Anton"]
[Black "Ebers, Frederik"]
[Result "1-0"]
[ECO "A48"]
[WhiteElo "1090"]
[BlackElo "1125"]
[Annotator "NA"]
[PlyCount "101"]
[EventDate "2019.12.27"]
[EventType "team-tourn"]
[EventRounds "7"]
[EventCountry "GER"]
[SourceTitle "playchess.com"]
[Source "ChessBase"]
[SourceQuality "1"]
[TimeControl "3300+5"]

1. d4 Nf6 2. Bf4 g6 3. Nf3 Bg7 4. g3 O-O 5. Bg2 d6 6. O-O Nbd7 7. Nc3 b6 8. e3 Bb7 9. Re1 c5 10. e4 Re8 11. d5 e5 12. Be3 Qc7 13. b3 a5 14. Bc1 Ba6 15. Bb2 b5 16. Nb1 Rab8 17. Bf1 c4 18. Nc3 Nc5 19. bxc4 bxc4 20. Ba3 Qd7 21. Nd2 Na4 22. Nxa4 Qxa4 23. Bxd6 Rb6 24. Bc5 Rb5 25. Bd6 Rb6 26. Bc7 Rb7 27. Bd6 Rd7 28. Bc5 Rc7 29. Bd6 Rd7 30. Bc5 Rc7 31. Be3 c3 32. Bxa6 cxd2 33. Bxd2 Rxc2 34. Bd3 Rxa2 35. Qxa4 Rxa4 36. Rxa4 Ng4 37. Rxa5 Bf8 38. Be2 Nf6 39. Bf3 Nd7 40. Bd1 Nb6 41. Ba4 Rc8 42. Rc1 Nc4 43. Bb5 Nxa5 44. Rxc8 Nb3 45. Bb4 Nd4 46. Rxf8+ Kg7 47. Bc6 Nf3+ 48. Kg2 Ne1+ 49. Bxe1 Kxf8 50. Bb4+ Kg7 51. d6 {[%emt 0:00:22] normal} 1-0

[Event "DVM U10 2019"]
[Site "Magedburg"]
[Date "2019.12.29"]
[Round "7"]
[White "Hoffmann, Svenja"]
[Black "Braun, Julian"]
[Result "0-1"]
[ECO "C54"]
[WhiteElo "1050"]
[BlackElo "1441"]
[Annotator "NA"]
[PlyCount "86"]
[EventDate "2019.12.27"]
[EventType "team-tourn"]
[EventRounds "7"]
[EventCountry "GER"]
[SourceTitle "playchess.com"]
[Source "ChessBase"]
[SourceQuality "1"]
[TimeControl "3300+5"]

1. e4 e5 2. Nf3 Nc6 3. Bc4 Bc5 4. c3 Nf6 5. d4 exd4 6. e5 d5 7. Bb5 Ne4 8. cxd4 Bb4+ 9. Bd2 Nxd2 10. Nbxd2 O-O 11. O-O Bg4 12. Nb3 a5 13. a4 f6 14. exf6 Qxf6 15. Be2 Rae8 16. Qd3 h6 17. Bd1 Na7 18. Nc5 Bf5 19. Qb3 Nc6 20. Qxd5+ Kh8 21. Nxb7 Bd3 22. Nc5 Bxc5 23. Qxc5 Bxf1 24. Kxf1 Qd6 25. Qc4 Nb4 26. Rc1 Qa6 27. Ne5 Qxc4+ 28. Rxc4 Kh7 29. Rxc7 Rc8 30. Rd7 Rc1 31. Ke2 Rb1 32. d5 Re8 33. f4 Rxb2+ 34. Ke3 Rxg2 35. Bf3 Nc2+ 36. Ke4 Rxh2 37. Bg4 Rb8 38. Bf5+ Kg8 39. Nc6 Re8+ 40. Be6+ Kh8 41. f5 Rh4+ 42. Ke5 Ne3 43. Ne7 Nc4# {[%emt 0:00:11] normal Kd4} 0-1